 Seeded DCSS version 0.28-a0-628-g3c9886e45e (webtiles) character file.

Game seed: 20211009 (custom seed)

76 a11behringer the Bolt Thrower (level 4, -1/38 HPs)
             Began as a Minotaur Hunter on Oct 9, 2021.
             Slain by a bullfrog skeleton (6 damage)
             ... on level 4 of the Dungeon.
             The game lasted 00:07:20 (1655 turns).

a11behringer the Bolt Thrower (Minotaur Hunter)     Turns: 1655, Time: 00:07:21

Health: -1/38      AC:  4    Str: 16    XL:     4   Next: 12%
Magic:  3/3        EV: 12    Int:  8    God:
Gold:   79         SH:  0    Dex: 12    Spells: 3/3 levels left

rFire   . . .      SeeInvis .   a - +1 hand crossbow
rCold   . . .      Faith    .   (no shield)
rNeg    . . .      Spirit   .   c - +0 leather armour
rPois   .          Reflect  .   (helmet restricted)
rElec   .          Harm     .   g - +0 cloak
rCorr   .          Rampage  .   (no gloves)
Will    .....                   (no boots)
Stlth   +.........              (no amulet)
HPRegen 0.12/turn               (no ring)
MPRegen 0.08/turn               (no ring)

@: no status effects
A: horns 2, retaliatory headbutt
a: no special abilities


You were on level 4 of the Dungeon.
You visited 1 branch of the dungeon, and saw 4 of its levels.

You collected 79 gold pieces.

Inventory:

Hand Weapons
 a - a +1 hand crossbow (weapon)
 b - a +0 short sword
 e - a +0 short sword of speed
Missiles
 d - 16 bolts (quivered ammo)
Armour
 c - a +0 leather armour (worn)
 g - a +0 cloak (worn)
Potions
 f - a potion of heal wounds {unknown}
 h - a potion of lignification
 i - a potion of invisibility {unknown}
 k - a potion of magic {unknown}


   Skills:
 + Level 3.2 Fighting
 + Level 0.7 Short Blades
 + Level 5.4 Crossbows
 + Level 1.4 Armour
 + Level 2.4 Dodging
 - Level 0.7 Stealth


You had 3 spell levels left.
You didn't know any spells.
Your spell library was empty.

Dungeon Overview and Level Annotations

Branches:
Dungeon (4/15)
 Temple: D:4-7

Altars:


Innate Abilities, Weirdness & Mutations

You have a pair of horns on your head.
You reflexively headbutt those who attack you in melee.


Message History

You closely miss the hound.
The hound is severely wounded.
The hound bites you.
* * * LOW HITPOINT WARNING * * *
The hound bites you but does no damage.
You miss the hound.
The hound is severely wounded.
The hound bites you but does no damage. The hound bites you.
* * * LOW HITPOINT WARNING * * *
The hound closely misses you. You furiously retaliate!
You headbutt the hound.
You kill the hound!
Your Armour skill increases to level 1!
You have reached level 4!
You feel agile.
You see here a hound corpse.
Found a stone staircase leading down.
There is a stone staircase leading down here.
You climb downwards.
Found an orange potion, a scroll of identify and 9 gold pieces.
Found a stone staircase leading down.
There is a stone staircase leading up here.
The bullfrog skeleton misses you.
You clumsily bash the bullfrog skeleton but do no damage.
The bullfrog skeleton hits you.
* * * LOW HITPOINT WARNING * * *
The bullfrog skeleton barely misses you.
You barely miss the bullfrog skeleton. You headbutt the bullfrog skeleton!
The bullfrog skeleton is moderately damaged.
The bullfrog skeleton completely misses you.
You furiously retaliate!
You headbutt the bullfrog skeleton.
The bullfrog skeleton hits you but does no damage.
You clumsily bash the bullfrog skeleton but do no damage.
You headbutt the bullfrog skeleton!
The bullfrog skeleton is almost destroyed.
The bullfrog skeleton barely misses you.
The bullfrog skeleton hits you but does no damage.
You clumsily bash the bullfrog skeleton but do no damage.
The bullfrog skeleton is almost destroyed.
The bullfrog skeleton hits you.
You die...

# ## #. #.### ...
#....# ....
####..$... .....
##.........
......#..........
...!...@Z........
.................
#........<.......
#............#...
##...............
##.......?......
#.............#.
..............#
...........#..#


You could see a bullfrog skeleton.

Vanquished Creatures
  A hound (D:3)
  2 adders (D:2)
  A dart slug (D:2)
  2 bats
  An endoplasm (D:1)
  3 giant cockroaches
  5 goblins
  2 hobgoblins
  2 quokkas
  A ball python (D:1)
  A frilled lizard (D:1)
  3 kobolds
  4 rats
28 creatures vanquished.

Vanquished Creatures (others)
  2 fungi (D:3)
2 creatures vanquished.

Grand Total: 30 creatures vanquished

Notes
Turn   | Place    | Note
-------+----------+-------------------------------------------
     0 | D:1      | a11behringer the Minotaur Hunter began the quest for the
                  | Orb.
     0 | D:1      | Reached XP level 1. HP: 18/18 MP: 0/0
   303 | D:1      | Reached XP level 2. HP: 25/25 MP: 1/1
  1031 | D:2      | Reached skill level 5 in Crossbows
  1147 | D:2      | Reached XP level 3. HP: 4/31 MP: 2/2
  1635 | D:3      | Reached skill level 1 in Armour
  1635 | D:3      | Reached XP level 4. HP: 4/38 MP: 3/3
  1655 | D:4      | Slain by a bullfrog skeleton

Illustrated notes

Levels and vault maps discovered:
D:1:      lemuel_arrival_room, layout_basic
D:2:      layout_basic, fountainhead, minmay_misc_feat_roman
D:3:      layout_loops_ring, mainiacjoe_overflow_boulevard
D:4:      layout_cave_pools, grunt_ashenzari_visionary
          [grunt_ashenzari_visionary_swamp, grunt_ashenzari_visionary_snake],
          minivault_26, kennysheep_boxes, uniq_natasha

Skill      XL: |  1  2  3 |
---------------+----------+-----
Crossbows      | 5 |  5.4
Fighting       | 3 |  3.2
Armour         | 1 |  1.4
Short Blades   | |  0.7
Dodging        | |  2.4
Stealth        | |  0.7

Action                   |  1- 3 |  4- 6 || total
-------------------------+-------+-------++-------
Melee: Short sword       |    23 |       ||    23
       Headbutt          |     2 |     2 ||     4
       Hand crossbow     |    13 |     4 ||    17
 Fire: Hand crossbow     |    38 |       ||    38
  Use: Scroll            |     6 |       ||     6
Armor: Leather armour    |    24 |     2 ||    26
Dodge: Dodged            |    51 |     4 ||    55

Table legend: (Time is in decaauts)
 A = Elapsed time spent in this place.
 B = Non-inter-level travel time spent in this place.
 C = Inter-level travel time spent in this place.
 D = Time resting spent in this place.
 E = Time spent auto-exploring this place.
 F = Levels seen in this place.
 G = Mean time per level.
                   A        B        C        D        E       F      G
               +--------+--------+--------+--------+--------+-----+--------+
         Total |   1670 |   1454 |    216 |      0 |   1238 |   4 |  417.5 |
       Dungeon |   1670 |   1454 |    216 |      0 |   1238 |   4 |  417.5 |
               +--------+--------+--------+--------+--------+-----+--------+

Top non-repeatable levels by time:
     D:1: 977 daAuts
     D:2: 627 daAuts
     D:3: 58 daAuts
     D:4: 7 daAuts
